Map: Orbital Shipyard

Players

HuK

  • Race: Protoss Protoss
  • League: Grandmaster

Light (SpeCial) - Winner!

  • Race: Terran Terran
  • League: Master

Event: NationWars III

VOD

https://www.youtube.com/watch?v=HcNaY8GY8yE

Description

Time

  • Played on: Dec. 10, 2015, 10:56 a.m.
  • Length: 11:39
Show
View Real Time Build Order
Export as new Build Order

HuK Protoss 

Build Orders: Nexus First, Oracle Opening, Zealot Archon 

Get SALT Encoding   

  12  0:01  Probe (Chrono Boost)  
  13  0:11  Probe (Chrono Boost)  
  14  0:20  Pylon  
  14  0:22  Probe (Chrono Boost)  
  15  0:38  Probe (Chrono Boost)  
  16  0:49  Probe (Chrono Boost)  
  17  0:58  Nexus  
  17  1:07  Gateway  
  17  1:10  Probe (Chrono Boost)  
  18  1:17  Assimilator  
  18  1:20  Probe (Chrono Boost)  
  18  1:23  Assimilator  
  19  1:31  Probe (Chrono Boost)  
  20  1:36  Gateway  
  20  1:42  Pylon  
  20  1:46  Probe (Chrono Boost)  
  21  1:57  Cybernetics Core  
  21  1:59  Probe (Chrono Boost)  
  22  2:10  Probe (Chrono Boost)  
  22  2:13  Pylon  
  23  2:20  Probe x2 (Chrono Boost)  
  25  2:30  Probe (Chrono Boost)  
  25  2:31  Probe (Chrono Boost), Adept (Chrono Boost)  
  25  2:35  Warp Gate (Chrono Boost)  
  29  2:42  Mothership Core (Chrono Boost)  
  32  2:45  Probe (Chrono Boost)  
  32  2:55  Stargate  
  32  2:56  Probe (Chrono Boost)  
  33  2:59  Probe  
  34  3:07  Probe  
  34  3:09  Probe  
  37  3:20  Probe x2  
  38  3:29  Gateway  
  38  3:30  Probe  
  38  3:32  Gateway, Probe  
  42  3:41  Probe, Oracle (Chrono Boost)  
  42  3:44  Probe  
  45  3:49  Pylon  
  45  3:51  Assimilator  
  45  3:52  Probe  
  46  4:04  Nexus  
  46  4:07  Probe x2 (Chrono Boost)  
  48  4:10  Assimilator  
  48  4:14  Phoenix  
  50  4:18  Probe (Chrono Boost)  
  50  4:20  Probe (Chrono Boost)  
  50  4:21  Pylon  
  52  4:26  Twilight Council  
  52  4:30  Pylon  
  52  4:33  Probe x2 (Chrono Boost)  
  52  4:37  Pylon  
  54  4:41  Pylon  
  54  4:44  Probe (Chrono Boost)  
  54  4:54  Probe (Chrono Boost)  
  54  4:55  Probe (Chrono Boost)  
  54  4:57  Sentry  
  54  4:58  Sentry  
  54  4:59  Adept x2, Blink (Chrono Boost)  
  62  5:03  Probe  
  63  5:08  Gateway  
  63  5:10  Gateway  
  63  5:14  Probe, Gateway  
  63  5:16  Probe  
  63  5:17  Probe  
  66  5:25  Probe  
  66  5:27  Probe  
  66  5:28  Probe  
  69  5:35  Probe  
  69  5:36  Forge x2  
  69  5:38  Probe  
  69  5:41  Probe  
  72  5:43  Assimilator  
  72  5:45  Assimilator  
  72  5:46  Templar Archives, Probe  
  73  5:51  Probe  
  73  5:53  Probe  
  73  5:55  Pylon  
  73  5:57  Probe  
  75  5:59  Pylon  
  75  6:01  Pylon  
  75  6:02  Probe  
  77  6:05  Probe  
  77  6:07  Probe  
  79  6:13  Stalker x4  
  79  6:14  Probe  
  79  6:17  Probe  
  89  6:20  Protoss Ground Weapons Level 1 (Chrono Boost)  
  89  6:21  Protoss Ground Armor Level 1 (Chrono Boost)  
  89  6:27  Pylon  
  89  6:31  Probe  
  89  6:35  Gateway, Resonating Glaives  
  89  6:37  Gateway, High Templar  
  89  6:38  High Templar x2  
  89  6:39  High Templar  
  98  6:40  Probe  
  98  6:41  Archon  
  98  6:42  Archon  
  98  6:46  Probe x2  
  100  6:51  Stalker x3  
  106  7:01  Nexus  
  106  7:06  Pylon  
  106  7:08  Pylon  
  106  7:17  Adept x5  
  106  7:18  Adept  
  106  7:21  Robotics Facility  
  118  7:34  Zealot  
  120  7:37  Pylon  
  120  7:38  Pylon  
  120  7:46  Gateway  
  120  7:47  Gateway  
  120  7:59  Pylon  
  120  8:02  Nexus  
  120  8:05  Protoss Ground Weapons Level 2 (Chrono Boost)  
  120  8:08  Gateway, Protoss Ground Armor Level 2 (Chrono Boost)  
  120  8:10  Dark Shrine  
  120  8:11  Photon Cannon  
  110  8:20  Adept x5  
  110  8:21  Adept x4  
  110  8:23  Observer  
  121  8:34  Pylon  
  121  8:35  Pylon  
  121  8:41  High Templar x4  
  123  8:42  Zealot x5  
  123  8:44  Observer  
  123  8:46  Archon  
  123  8:47  Archon  
  140  8:58  Zealot x2  
  134  9:07  Charge  
  134  9:09  Adept x2  
  134  9:10  Adept x4  
  138  9:21  Stalker x2  
  138  9:22  Stalker x3  
  144  9:35  Adept x3  
  144  9:36  Adept x4  
  158  9:42  Probe x2  
  158  9:44  Probe, Assimilator  
  156  9:46  Dark Templar, Probe, Assimilator  
  156  9:48  Dark Templar  
  162  9:58  Dark Templar  
  164  10:04  Zealot x4  
  170  10:07  Dark Templar  
  156  10:36  Zealot x4  
  156  10:37  Zealot x5  
  130  10:50  Stalker x3  
  122  10:57  Stalker  
  122  10:58  Stalker x8  
  110  11:15  Adept x3  
  110  11:19  Zealot x4  
  110  11:25  Zealot x6  
  112  11:26  Zealot  
Show
View Real Time Build Order
Export as new Build Order

Light Terran - Winner!

Build Orders: Reaper Expand, MMM Bio 

Get SALT Encoding   

  12  0:01  SCV  
  13  0:13  SCV  
  14  0:17  Supply Depot  
  14  0:25  SCV  
  15  0:39  SCV  
  15  0:41  Barracks  
  16  0:43  Refinery  
  16  0:51  SCV  
  17  1:03  SCV  
  18  1:15  SCV  
  19  1:28  Orbital Command  
  19  1:29  Reaper  
  20  1:41  Command Center  
  20  1:50  Supply Depot  
  20  1:55  SCV  
  20  2:01  Marine  
  22  2:09  SCV  
  22  2:12  Factory  
  23  2:21  SCV  
  25  2:33  Barracks Reactor  
  25  2:35  SCV  
  25  2:43  Command Center  
  25  2:52  SCV  
  25  2:53  Orbital Command  
  25  2:56  Factory Tech Lab  
  26  3:04  SCV  
  27  3:09  Marine  
  27  3:10  Marine  
  29  3:16  SCV  
  29  3:22  SCV  
  30  3:27  Marine  
  30  3:28  Cyclone, Marine  
  30  3:31  SCV  
  30  3:34  SCV  
  37  3:43  SCV  
  37  3:45  Marine x2  
  37  3:46  SCV  
  41  3:53  Supply Depot  
  41  3:55  SCV, Refinery, Orbital Command  
  42  3:58  SCV  
  43  4:03  Marine x2  
  43  4:07  SCV  
  43  4:08  Barracks  
  46  4:10  SCV  
  46  4:13  Siege Tank  
  50  4:19  Supply Depot  
  50  4:20  SCV, Marine  
  50  4:21  SCV, Marine  
  50  4:22  SCV  
  54  4:30  Barracks  
  54  4:32  SCV  
  54  4:33  SCV  
  54  4:34  SCV  
  54  4:36  Refinery, Orbital Command  
  57  4:38  Marine  
  57  4:39  Marine  
  57  4:40  Refinery  
  57  4:45  SCV  
  60  4:51  SCV  
  61  4:57  SCV, Engineering Bay  
  61  4:58  Engineering Bay  
  62  5:03  SCV, Marine x3  
  62  5:04  Stimpack  
  62  5:05  SCV  
  67  5:09  SCV  
  67  5:11  Supply Depot  
  68  5:15  SCV  
  68  5:17  SCV  
  68  5:19  Marine  
  68  5:20  Marine x2  
  68  5:21  SCV  
  74  5:23  Factory Reactor, Starport  
  74  5:24  Terran Infantry Weapons Level 1, Terran Infantry Armor Level 1  
  74  5:27  SCV  
  75  5:29  SCV  
  75  5:33  SCV  
  75  5:34  Bunker  
  77  5:37  Supply Depot  
  77  5:38  Missile Turret  
  77  5:39  SCV  
  77  5:40  Missile Turret  
  77  5:41  SCV  
  79  5:44  Supply Depot  
  79  5:45  Barracks Tech Lab, Marine  
  79  5:48  Marine x2  
  82  5:53  SCV x3  
  85  6:00  Barracks  
  85  6:01  Barracks  
  85  6:04  Supply Depot  
  85  6:05  Factory Reactor  
  85  6:09  Combat Shields, Medivac x2  
  85  6:11  SCV  
  90  6:15  Marauder, Marine x2  
  90  6:17  Marauder  
  96  6:22  SCV  
  96  6:23  SCV x2  
  99  6:30  Refinery  
  99  6:31  Supply Depot, Refinery  
  99  6:35  SCV  
  99  6:36  Marine x2  
  99  6:37  Marauder  
  99  6:38  Marauder  
  99  6:39  Medivac  
  108  6:41  Supply Depot  
  108  6:42  Supply Depot  
  108  6:48  Barracks Reactor, Barracks Tech Lab  
  108  6:52  Medivac, Widow Mine x2  
  108  6:53  Armory  
  113  7:01  SCV x3  
  113  7:04  Marine  
  113  7:05  Marauder, Marine  
  113  7:06  Marauder  
  124  7:08  Marauder  
  124  7:11  Concussive Shells  
  124  7:13  SCV x3  
  127  7:16  Barracks  
  127  7:18  Barracks  
  127  7:26  Marine x4  
  127  7:27  Marauder  
  132  7:41  Marine  
  133  7:44  Marine  
  133  7:48  Supply Depot, Terran Infantry Weapons Level 2, Terran Infantry Armor Level 2  
  133  7:52  Ghost Academy  
  133  7:56  Marine  
  133  8:02  Supply Depot x2  
  133  8:05  Barracks Tech Lab  
  133  8:06  Barracks Reactor  
  133  8:09  Marauder x2, Marine x2, Widow Mine  
  133  8:11  Supply Depot  
  133  8:12  Terran Ship Weapons Level 1  
  141  8:15  SCV  
  141  8:16  SCV x2  
  140  8:23  Medivac x2, Widow Mine  
  140  8:24  Marine x2, Marauder  
  140  8:25  Marauder  
  152  8:31  Marauder x2  
  152  8:32  Command Center  
  156  8:37  Widow Mine  
  156  8:39  Marine x2  
  160  8:42  Marine x2  
  160  8:44  Ghost  
  160  8:45  Supply Depot, Liberator  
  160  8:46  Liberator  
  160  8:47  Supply Depot  
  164  8:49  Supply Depot  
  164  9:01  Ghost, Widow Mine  
  165  9:08  Marine x4  
  165  9:09  Marauder, Marine x2  
  164  9:12  Widow Mine  
  162  9:20  Marauder x2  
  166  9:29  Widow Mine  
  166  9:31  Marauder  
  169  9:32  Supply Depot, Marauder, Marine x3  
  169  9:33  Supply Depot  
  171  9:41  Marauder, Widow Mine  
  171  9:45  Medivac  
  174  9:46  Medivac  
  174  9:48  Ghost  
  174  9:49  Marine x3  
  174  9:50  Marine x2  
  174  9:51  Ghost, Marine  
  186  9:53  Ghost  
  188  10:03  Marauder  
  188  10:06  Marine  
  188  10:07  Marine  
  191  10:13  Marine  
  193  10:17  Marauder  
  193  10:18  Marine x2, Liberator x2  
  193  10:19  Marine  
  193  10:21  Marauder  
  200  10:26  Marine  
  200  10:27  Marauder  
  197  10:30  Marauder, Marine  
  197  10:33  Marine  
  195  10:38  Marine x2  
  198  10:46  Planetary Fortress  
  198  10:48  Marine, Marauder  
  198  10:49  Marauder, Marine  
  171  10:54  Marine x2  
  171  10:55  Marauder  
  163  11:00  Marine x2  
  163  11:01  Marauder  
  156  11:09  Marauder, Marine x2  
  158  11:14  Marauder, Marine x2  
  158  11:18  Marine x2  
Tags
 
Add a new tag
Caveats
  • Supply blocks, unpowered buildings, or Contaminate may cause inaccurate times.
  • Supply counts are checked every 10 seconds.